 Dungeon Crawl Stone Soup version 0.31-a0-986-g5e6e4ef867 (webtiles) character file.

Game seed: 3822515151885557312

96 olourkin the Trooper (level 4, 0/40 HPs)
             Began as a Ghoul Monk on Nov 10, 2023.
             Slain by an iguana (7 damage)
             ... on level 4 of the Dungeon.
             The game lasted 00:08:20 (2223 turns).

olourkin the Trooper (Ghoul Monk)                   Turns: 2223, Time: 00:08:20

Health: 0/40       AC:  6    Str: 14    XL:     4   Next: 67%
Magic:  3/3        EV: 11    Int:  5    God:
Gold:   170        SH:  0    Dex: 13    Spells: 3/3 levels left

rFire   . .          .
                       - Unarmed
rCold   + + .        c - orb {light}
rNeg    + + +        h - +0 ring mail
rPois   ∞            (no helmet)
rElec   .            (no cloak)
rCorr   .            y - +0 pair of gloves
SInv    .            (no boots)
Will    .....        (no amulet)
Stlth   +            j - ring of flight
HPRegen 0.00/turn    k - ring of protection from cold
MPRegen 0.08/turn

%: no passive effects
@: flying, inhibited regen, glowing
A: claws 1, cold resistance 1, negative energy resistance 3, inhibited
regeneration, torment resistance 2, devour on kill
a: no special abilities


You were on level 4 of the Dungeon.
You visited 1 branch of the dungeon, and saw 4 of its levels.

You collected 170 gold pieces.

Inventory:

Missiles
 g - 51 stones (quivered)
 l - 3 darts of dispersal
 o - 5 poisoned darts
Armour
 a - a +0 robe
 c - an orb of light (worn)
 d - an orb of wrath
 h - a +0 ring mail (worn)
 y - a +0 pair of gloves (worn)
Jewellery
 e - a ring of ice
 j - a ring of flight (left hand)
 k - a ring of protection from cold (right hand)
Wands
 z - a wand of mindburst (19)
Scrolls
 n - a scroll of fog {unknown}
 p - a scroll of enchant weapon {unknown}
 q - 4 scrolls of noise {unknown}
 s - a scroll of blinking {unknown}
 t - 3 scrolls of identify {unknown}
 w - a scroll of immolation {unknown}
Potions
 b - a potion of ambrosia {!e}
 f - 2 potions of curing {unknown}
 i - a potion of magic {unknown}
 m - a potion of might {unknown}
 r - 3 potions of degeneration {unknown}
 u - a potion of lignification {unknown}
 v - a potion of brilliance {unknown}
 x - a potion of mutation {unknown}


   Skills:
 + Level 4.2 Fighting
 + Level 0.2 Armour
 + Level 3.4 Dodging
 * Level 4.2 Unarmed Combat


You had 3 spell levels left.
You didn't know any spells.
Your spell library contained the following spells:

 Spells                   Type           Power      Damage    Failure   Level
 Apportation              Tloc           0%         N/A       73%         1
 Kiss of Death            Conj/Necr      0%         2d5       73%         1
 Necrotise                Necr           0%         1d4       73%         1
 Summon Small Mammal      Summ           0%         N/A       73%         1
 Confusing Touch          Hex            0%         N/A       97%         3
 Dispel Undead            Necr           0%         3d6       100%        4


Dungeon Overview and Level Annotations

Branches:
Dungeon (4/15)
 Temple: D:4-7

Altars:
Kikubaaqudgha
Wu Jian

Annotations:
D:3 1 runed translucent door, Crazy Yiuf


Innate Abilities, Weirdness & Mutations

You are immune to poison.
You have sharp fingernails.
Your flesh is cold resistant. (rC+)
You are immune to negative energy. (rN+++)
You do not regenerate when monsters are visible.
You are immune to unholy pain and torment.
You thrive by killing the living.


Message History

You completely miss the orc.
The orc is almost dead.
The orc closely misses you.
You hit the orc.
You kill the orc!
You barely miss the ufetubus. The ufetubus closely misses you. x2
You hit the ufetubus.
The ufetubus is severely wounded.
The ufetubus hits you but does no damage. x4
You closely miss the ufetubus.
The ufetubus is severely wounded.
The ufetubus hits you. The ufetubus barely misses you.
The ufetubus slips past you! The ufetubus hits you.
The ufetubus hits you but does no damage.
You barely miss the ufetubus.
The ufetubus is severely wounded.
The ufetubus barely misses you. x3
The ufetubus hits you but does no damage.
The ufetubus barely misses you. The ufetubus hits you.
The ufetubus closely misses you. The ufetubus barely misses you.
You hit the ufetubus but do no damage.
The ufetubus is severely wounded.
The iguana bites you.
The ufetubus hits you but does no damage.
The ufetubus hits you.
* * * LOW HITPOINT WARNING * * *
The ufetubus hits you.
* * * LOW HITPOINT WARNING * * *
The ufetubus misses you. The ufetubus barely misses you. The ufetubus hits you.
* * * LOW HITPOINT WARNING * * *
The ufetubus hits you but does no damage.
The ufetubus barely misses you. x2; The ufetubus completely misses you.
The ufetubus barely misses you. The ufetubus closely misses you.
The iguana attacks as it pursues you! The iguana closely misses you.
Okay, then.
The iguana attacks as it pursues you! The iguana bites you!
* * * LOW HITPOINT WARNING * * *
The iguana attacks as it pursues you! The iguana bites you!
You die...

..#...#.## #.#...#.. ..
#.#.....## #.. #.#...#..# #.5
#.#...##.# ..# #.#....#.###
#####.... #...##>..<.#
##......#####
###.#####..######..####......
#..####...@l.5......)..#
##...###..###5..##..##.....
###......#...####### ....
####....#....### ... #
#....##....## .. ###
...#........# .
..........>.....+ .#
#####........# # #####..#.#


You could see an iguana and 2 ufetubi.

Vanquished Creatures
  Natasha (D:2)
  An adder (D:2)
  A dart slug (D:2)
  2 orcs
  6 bats (D:1)
  3 endoplasms
  3 giant cockroaches
  10 goblins
  3 hobgoblins
  5 jackals
  3 kobolds
  2 quokkas
  7 ball pythons
  3 frilled lizards
  4 rats (D:1)
54 creatures vanquished.

Notes
Turn   | Place    | Note
-------+----------+-------------------------------------------
     0 | D:1      | olourkin the Ghoul Monk began the quest for the Orb.
     0 | D:1      | Reached XP level 1. HP: 19/19 MP: 0/0
   146 | D:1      | Reached XP level 2. HP: 26/26 MP: 1/1
   870 | D:1      | Reached XP level 3. HP: 33/33 MP: 2/2
  1062 | D:2      | Found an ancient bone altar of Kikubaaqudgha.
  1125 | D:2      | Noticed Natasha
  1138 | D:2      | Killed Natasha
  1211 | D:2      | Reached XP level 4. HP: 40/40 MP: 3/3
  1546 | D:3      | Found an ornate altar of the Wu Jian Council.
  1736 | D:3      | Found a runed translucent door.
  1737 | D:3      | Noticed Crazy Yiuf
  2223 | D:4      | Slain by an iguana

Illustrated notes

Levels and vault maps discovered:
D:1:      dpeg_arrival_three_bigger_balls, layout_basic
D:2:      layout_rooms, basic_altar, minmay_tetromino_s4, uniq_natasha
D:3:      layout_basic, mainiacjoe_overflow_small_starburst,
          kennysheep_generic_room_14, uniq_crazy_yiuf_cottage
D:4:      layout_rooms, nrook_uturn, minmay_goblin_kobold_house

Skill      XL: |  1  2  3 |
---------------+----------+-----
Dodging        | 3 |  3.4
Fighting       | 4 |  4.2
Unarmed Combat | 4 |  4.2
Armour         | |  0.2

Action                     |  1- 3 |  4- 6 || total
---------------------------+-------+-------++-------
  Melee: Unarmed           |    70 |    68 ||   138
  Throw: Stone             |       |     6 ||     6
 Armour: Ring mail         |    34 |    48 ||    82
         Robe              |     1 |       ||     1
  Dodge: Dodged            |    29 |    44 ||    73

Table legend: (Time is in decaauts)
 A = Elapsed time spent in this place.
 B = Non-inter-level travel time spent in this place.
 C = Inter-level travel time spent in this place.
 D = Time resting spent in this place.
 E = Time spent auto-exploring this place.
 F = Levels seen in this place.
 G = Mean time per level.
                   A        B        C        D        E       F      G
               +--------+--------+--------+--------+--------+-----+--------+
         Total |   2211 |   2111 |    100 |    279 |   1375 |   4 |  552.8 |
       Dungeon |   2211 |   2111 |    100 |    279 |   1375 |   4 |  552.8 |
               +--------+--------+--------+--------+--------+-----+--------+

Top non-repeatable levels by time:
     D:1: 1007 daAuts
     D:3: 583 daAuts
     D:2: 491 daAuts
     D:4: 129 daAuts
